 Dungeon Crawl Stone Soup version 0.30-a0-341-g682706514a (webtiles) character file.

Game seed: 14821260702795102339

1153 LnG the Covert (level 8, -3/40 (44) HPs)
             Began as a Kobold Summoner on Nov 2, 2022.
             Slain by a wight
             ... wielding a +6 halberd
              (10 damage)
             ... on level 6 of the Dungeon.
             The game lasted 00:14:36 (5584 turns).

LnG the Covert (Kobold Summoner)                    Turns: 5584, Time: 00:14:37

HP:   -3/40 (44)    AC:  3    Str: 12    XL:     8   Next: 65%
MP:   10/13         EV: 16    Int: 18    God:
Gold: 168           SH:  5    Dex: 15    Spells: 5/14 levels left

rFire   + . .      SeeInvis .    c - +2 dagger (speed)
rCold   + . .      Faith    .    (no shield)
rNeg    . . .      Spirit   .    p - +0 robe {rF+}
rPois   .          Reflect  +    (no helmet)
rElec   .          Harm     .    (no cloak)
rCorr   .          Rampage  .    (no gloves)
Will    .....                    j - +0 pair of boots
Stlth   +++++.....               z - amulet of reflection
HPRegen 0.26/turn                i - ring of protection from cold
MPRegen 0.13/turn                q - +6 ring of strength

@: drained
A: small, no large weapons, nightstalker 3
a: no special abilities


You were on level 6 of the Dungeon.
You visited 1 branch of the dungeon, and saw 6 of its levels.
You also visited: Sewer.

You collected 245 gold pieces.
You spent 77 gold pieces at shops.

Inventory:

Hand Weapons
 c - a +2 dagger of speed (weapon)
 d - a +2 dagger of electrocution
 r - a +2 dagger of venom
Missiles
 y - a throwing net
Armour
 j - a +0 pair of boots (worn)
 p - a +0 robe of fire resistance (worn)
Jewellery
 i - a ring of protection from cold (left hand)
 m - an amulet of guardian spirit
 q - a +6 ring of strength (right hand)
 z - an amulet of reflection (around neck)
 B - a +4 ring of protection
Wands
 s - a wand of digging (7)
 x - a wand of paralysis (22)
Scrolls
 l - 6 scrolls of teleportation
 n - a scroll of immolation
 u - 2 scrolls of magic mapping {unknown}
 v - a scroll of enchant armour {unknown}
 w - a scroll of poison
 C - a scroll of torment {unknown}
Potions
 a - a potion of brilliance {unknown}
 b - 2 potions of magic
 e - 3 potions of resistance
 f - 7 potions of curing
 g - a potion of berserk rage {unknown}
 h - a potion of cancellation {unknown}
 k - 5 potions of heal wounds
 o - 2 potions of flight
 t - 2 potions of mutation
 A - a potion of invisibility {unknown}
 D - a potion of degeneration {unknown}


   Skills:
 + Level 1.7 Fighting
 + Level 5.0 Short Blades
 * Level 5.2 Dodging
 * Level 9.0 Stealth
 + Level 0.4 Shields
 + Level 3.6 Spellcasting
 + Level 5.3 Summonings


You had 5 spell levels left.
You knew the following spells:

 Your Spells              Type           Power      Damage    Failure   Level
a - Summon Small Mammal   Summ           88%        N/A       1%          1
b - Call Imp              Summ           22%        N/A       2%          2
c - Call Canine Familiar  Summ           22%        N/A       5%          3
d - Summon Guardian Gole  Hex/Summ       12%        N/A       16%         3

Your spell library contained the following spells:

 Spells                   Type           Power      Damage    Failure   Level
 Shock                    Conj/Air       12%        1d3       16%         1
 Slow                     Hex            12%        N/A       16%         1
 Confusing Touch          Hex            3%         N/A       43%         3
 Swiftness                Air            3%         N/A       43%         3
 Vampiric Draining        Necr           3%         2d6       43%         3
 Summon Lightning Spire   Summ/Air       12%        N/A       45%         4
 Airstrike                Air            1%         2d(1-17)  83%         4


Dungeon Overview and Level Annotations

Branches:
Dungeon (6/15)              Sewer (visited)
 Temple: D:4-7

Altars:
Qazlal

Shops:
D:3 [   D:4 ([:([   D:6 *

Annotations:
D:6 3 runed translucent doors


Innate Abilities, Weirdness & Mutations

You are small and have problems with some larger weapons.
You are completely attuned to the shadows.


Message History

The necrophage is almost destroyed.
The necrophage hits you but does no damage.
You hit the necrophage.
The necrophage is almost destroyed.
You hit the necrophage.
You destroy the necrophage!
No target in view!
No target in view!
You see here a necrophage corpse.
A jelly comes into view.
The helpless jelly fails to defend itself.
You stick the jelly like a pincushion!!!
You kill the jelly!
You now have 168 gold pieces (gained 11).
An adder comes into view.
The helpless adder fails to defend itself.
You skewer the adder like a kebab!!!
You kill the adder!
Found a stone staircase leading down.
There is a stone staircase leading down here.
A wight comes into view. It is wielding a +0 flail.
Found a spear. 3 wights come into view.
The helpless wight fails to defend itself.
You stick the wight like a pincushion!!!
You destroy the wight!
Your Short Blades skill increases to level 5!
Your Stealth skill increases to level 9!
The wight closely misses you.
Things that are here:
a +0 flail; a +0 robe; a +0 spear The wight attacks as you move away!
The wight hits you with a +6 halberd!
You feel drained.
The wight hits you from afar with a +6 halberd!!
You feel drained.
* * * LOW HITPOINT WARNING * * *
Casting: Call Canine Familiar (dangerous; 5% risk of failure)
Confirm with . or Enter, or press ? or * to list all spells.
The wight hits you from afar with a +6 halberd!
You die...

#.######### #.#
#...... #.# #.#
#.##.## #.#### #.#
#.##### #....# #.#
#.# # ####.#
#.###.## # #.#
#.†....## # #.#
#####...###
#.###########
#......
#>......@hz.#
#...###
###########z#
#.### #.# #.# #z#
#.# #z# #.#####
#.# #......
#.##### #.#
################.#


You could see 2 wights and a friendly hound (summoned).

Vanquished Creatures
  An ogre (D:5)
  A phantom (D:6)
  A scorpion (D:3)
  2 necrophages
  A wight (D:6)
  2 jellies
  A hound (D:4)
  2 iguanas (D:5)
  An orc wizard (D:4)
  12 adders
  3 ufetubi
  6 orcs
  5 bats
  11 endoplasms
  2 giant cockroaches (D:3)
  12 goblins
  2 hobgoblins
  5 kobolds
  5 quokkas (D:3)
  3 ball pythons
  A frilled lizard (D:3)
  6 rats
85 creatures vanquished.

Vanquished Creatures (collateral kills)
  An ogre (D:5)
  A phantom (D:4)
  2 kobold brigands (Sewer)
  A jelly (D:4)
  An iguana (D:5)
  An orc wizard (D:6)
  5 orcs
  5 kobolds
  A quokka (D:1)
  A ball python (D:4)
  A frilled lizard (D:3)
  4 goblins
  A rat (D:2)
25 creatures vanquished.

Grand Total: 110 creatures vanquished

Notes
Turn   | Place    | Note
-------+----------+-------------------------------------------
     0 | D:1      | LnG the Kobold Summoner began the quest for the Orb.
     0 | D:1      | Reached XP level 1. HP: 10/10 MP: 3/3
   340 | D:1      | Reached XP level 2. HP: 15/15 MP: 5/5
   343 | D:1      | Learned a level 2 spell: Call Imp
   691 | D:2      | Reached skill level 3 in Stealth
   698 | D:2      | Reached XP level 3. HP: 19/19 MP: 6/6
   702 | D:2      | Learned a level 3 spell: Call Canine Familiar
  1447 | D:3      | Reached skill level 1 in Short Blades
  1516 | D:3      | Found a glowing drain.
  1530 | Sewer    | Entered a sewer
  1535 | Sewer    | Reached XP level 4. HP: 23/24 MP: 7/7
  1586 | Sewer    | Noticed a kobold brigand
  1607 | Sewer    | Noticed a kobold brigand
  1635 | Sewer    | Killed a kobold brigand
  1636 | Sewer    | Reached skill level 4 in Stealth
  1636 | Sewer    | Reached XP level 5. HP: 18/28 MP: 1/8
  1644 | Sewer    | Killed a kobold brigand
  1645 | Sewer    | Reached skill level 5 in Stealth
  1739 | Sewer    | Found a white marble altar of Elyvilon.
  1841 | Sewer    | Reached XP level 6. HP: 32/32 MP: 10/10
  2181 | D:3      | Found Vusu's Armour Shop.
  2186 | D:3      | Bought a +0 robe of fire resistance for 77 gold pieces
  2403 | D:3      | Reached skill level 6 in Stealth
  3171 | D:4      | Found Lugant's Armour Emporium.
  3183 | D:4      | Found a stormy altar of Qazlal.
  3238 | D:4      | Found Luinuigu's Book Shop.
  3378 | D:4      | Reached skill level 7 in Stealth
  3378 | D:4      | Reached XP level 7. HP: 26/37 MP: 9/11
  3424 | D:4      | Learned a level 3 spell: Summon Guardian Golem
  3588 | D:4      | Found Tapuv's Armour Shop.
  3621 | D:4      | Found Bumijeda's Weapon Emporium.
  3660 | D:4      | Reached skill level 1 in Fighting
  3715 | D:4      | Found Ziatsol's Weapon Boutique.
  3928 | D:5      | Entered Level 5 of the Dungeon
  4122 | D:5      | Reached skill level 5 in Summonings
  4158 | D:5      | Reached skill level 8 in Stealth
  4158 | D:5      | Reached XP level 8. HP: 25/43 MP: 3/12
  5001 | D:6      | Found a runed translucent gate.
  5015 | D:6      | Found a runed translucent gate.
  5015 | D:6      | Found a runed translucent gate.
  5156 | D:6      | Found Haab's Assorted Antiques.
  5282 | D:6      | Reached skill level 5 in Dodging
  5580 | D:6      | Reached skill level 5 in Short Blades
  5580 | D:6      | Reached skill level 9 in Stealth
  5584 | D:6      | Slain by a wight

Illustrated notes

Levels and vault maps discovered:
D:1:      evilmike_arrival_crescent, layout_rooms
D:2:      layout_basic
D:3:      layout_basic, gup_sewer_entry_pipe, serial_shops, shop
D:4:      layout_rooms, nicolae_qazlal_scattered_showers, serial_shops,
          kennysheep_little_box, shop, shop,
          nicolae_shop_competitors_out_of_business, shop
D:5:      layout_gridville, minmay_ogre_servants
D:6:      layout_loops_ring, temple_hall, gammafunk_ghost_split, serial_shops,
          shop, kennysheep_dice

Skill      XL: |  1  2  3  4  5  6  7  8 |
---------------+-------------------------+-----
Stealth        | 3 4 5 7 8 9 |  9.0
Short Blades   | 1 2 3 5 |  5.0
Dodging        | 3 4 5 |  5.2
Spellcasting   | 3 |  3.6
Fighting       | 1 |  1.7
Summonings     | 5 |  5.3
Shields        | |  0.4

Action                   |  1- 3 |  4- 6 |  7- 9 || total
-------------------------+-------+-------+-------++-------
Melee: Dagger            |    57 |   136 |   206 ||   399
       Punch             |       |     2 |     1 ||     3
 Cast: Summon Small Mamm |     3 |       |     3 ||     6
       Call Imp          |     3 |     3 |     2 ||     8
       Call Canine Famil |       |     6 |     6 ||    12
  Use: Scroll            |     2 |     3 |     3 ||     8
       Potion            |       |     3 |       ||     3
 Stab: Sleeping          |    11 |    13 |    14 ||    38
Armor: Robe              |     6 |    10 |    10 ||    26
Dodge: Dodged            |    21 |    64 |    99 ||   184
Block: Other             |       |       |    17 ||    17

Table legend: (Time is in decaauts)
 A = Elapsed time spent in this place.
 B = Non-inter-level travel time spent in this place.
 C = Inter-level travel time spent in this place.
 D = Time resting spent in this place.
 E = Time spent auto-exploring this place.
 F = Levels seen in this place.
 G = Mean time per level.
                   A        B        C        D        E       F      G
               +--------+--------+--------+--------+--------+-----+--------+
         Total |   5492 |   5347 |    145 |    377 |   3943 |   7 |  784.6 |
       Dungeon |   5038 |   4893 |    145 |    332 |   3697 |   6 |  839.7 |
         Sewer |    454 |    454 |      0 |     45 |    246 |   1 |  454.0 |
               +--------+--------+--------+--------+--------+-----+--------+

Top non-repeatable levels by time:
     D:3: 1305 daAuts
     D:5: 970 daAuts
     D:2: 844 daAuts
     D:4: 725 daAuts
     D:6: 605 daAuts
     D:1: 586 daAuts
   Sewer: 454 daAuts
